 Dungeon Crawl Stone Soup version 0.32-a0-960-g3814254bd7 (webtiles) character file.

Game seed: 5322786747388138766

22 trashops the Covered (level 2, -3/26 HPs)
             Began as a Mountain Dwarf Fighter on Apr 17, 2024.
             Slain by a ribbon worm (7 damage)
             ... on level 2 of the Dungeon.
             The game lasted 00:00:57 (644 turns).

trashops the Covered (Mountain Dwarf Fighter)        Turns: 644, Time: 00:00:58

Health: -3/26      AC:  7    Str: 18    XL:     2   Next: 68%
Magic:  2/2        EV:  8    Int:  8    God:
Gold:   58         SH:  4    Dex:  9    Spells: 1/1 levels left

rFire   . . .        a - +0 war axe
rCold   . . .        c - +0 buckler
rNeg    . . .        b - +0 scale mail
rPois   .            (no helmet)
rElec   .            (no cloak)
rCorr   .            (no gloves)
SInv    .            (no boots)
Will    .....        (no amulet) Stlth
                     (no ring)
HPRegen 0.24/turn    (no ring)
MPRegen 0.08/turn

%: no passive effects
@: no status effects
A: runic magic, artefact enchanting
a: no special abilities


You were on level 2 of the Dungeon.
You visited 1 branch of the dungeon, and saw 2 of its levels.

You collected 58 gold pieces.

Inventory:

Hand Weapons
 a - a +0 war axe (weapon)
Armour
 b - a +0 scale mail (worn)
 c - a +0 buckler (worn)
Potions
 d - a potion of might
 e - a potion of curing {unknown}
 f - a potion of berserk rage {unknown}


   Skills:
 * Level 3.6 Fighting
 * Level 2.8 Axes
 * Level 3.7 Armour
 + Level 3.4 Shields


You had one spell level left.
You didn't know any spells.
Your spell library was empty.

Dungeon Overview and Level Annotations

Branches:
Dungeon (2/15)

Altars:


Innate Abilities, Weirdness & Mutations

Your spellcasting is much less encumbered by armour.
You can use scrolls of enchantment on lesser artefacts.


Message History

The kobold hits you with a +0 whip. The bat closely misses you.
You barely miss the bat.
The bat is heavily wounded.
You closely miss the kobold. The bat hits you but does no damage.
The kobold hits you with a +0 whip. x2
You closely miss the kobold.
The kobold is moderately wounded.
The bat hits you but does no damage. You block the kobold's attack.
You miss the bat.
The bat is heavily wounded.
You barely miss the quokka. You barely miss the kobold.
The bat barely misses you. The quokka bites you. The kobold barely misses you.
The bat closely misses you.
The quokka bites you but does no damage.
You block the kobold's attack.
You hit the ribbon worm but do no damage.
You hit the bat but do no damage. You closely miss the quokka.
You slash the kobold!
You kill the kobold!
The bat hits you but does no damage. You block the quokka's attack.
The ribbon worm completely misses you. You block the quokka's attack.
You barely miss the ribbon worm. You slash the bat!
You kill the bat!
You completely miss the quokka. The quokka bites you.
The ribbon worm bites you.
You barely miss the ribbon worm. You hit the quokka.
The quokka bites you but does no damage.
The ribbon worm bites you.
* * * LOW HITPOINT WARNING * * *
The quokka closely misses you.
You barely miss the quokka.
The quokka is severely wounded.
You hit the ribbon worm. The quokka bites you.
* * * LOW HITPOINT WARNING * * *
The ribbon worm expels a string of sticky webbing.
The stream of webbing hits you but does no damage.
You are caught in a web!
The quokka bites you but does no damage.
The web tears apart.
The ribbon worm bites you!
You die...

###.[.. ....
.......###..# .#..
#......##..# .#.#
#.....##..##...#
#.....#.......####
######.....###.......
.......<....#........
####...)..†.#.r.:....
#.....)...@)......
##.......|.w......
#................
##..####.......).
#.... ##.......#
#.#.. ###.....# #?#..
.....# .....# ....$#


You could see a ribbon worm (catching breath) and a quokka.

Vanquished Creatures
  2 ball pythons
  A bat (D:2)
  2 endoplasms (D:1)
  2 goblins
  A hobgoblin (D:2)
  2 jackals (D:1)
  2 kobolds
  3 quokkas
  2 frilled lizards (D:1)
  2 rats (D:1)
19 creatures vanquished.

Notes
Turn   | Place    | Note
-------+----------+-------------------------------------------
     0 | D:1      | trashops the Mountain Dwarf Fighter began the quest for the
                  | Orb.
     0 | D:1      | Reached XP level 1. HP: 19/19 MP: 1/1
   196 | D:1      | Reached XP level 2. HP: 25/26 MP: 2/2
   224 | D:1      | Found a faded altar of an unknown god.
   644 | D:2      | Slain by a ribbon worm

Illustrated notes

Levels and vault maps discovered:
D:1:      evilmike_arrival_rings, layout_basic, ebering_ecumenical_altar_mist
D:2:      layout_rooms, serial_shops, shop

Action                     || total
---------------------------++-------
  Melee: War axe           ||    60
 Armour: Scale mail        ||    59
  Dodge: Dodged            ||    32
  Block: Buckler           ||    18

Table legend: (Time is in decaauts)
 A = Elapsed time spent in this place.
 B = Non-inter-level travel time spent in this place.
 C = Inter-level travel time spent in this place.
 D = Time resting spent in this place.
 E = Time spent auto-exploring this place.
 F = Levels seen in this place.
 G = Mean time per level.
                   A        B        C        D        E       F      G
               +--------+--------+--------+--------+--------+-----+--------+
         Total |    667 |    650 |     17 |      0 |    509 |   2 |  333.5 |
       Dungeon |    667 |    650 |     17 |      0 |    509 |   2 |  333.5 |
               +--------+--------+--------+--------+--------+-----+--------+

Top non-repeatable levels by time:
     D:1: 627 daAuts
     D:2: 39 daAuts
